General information
- name: BNet
- type: Ladder team game (AT/RT)
- host: Battle.net
- saver: STUPIDIDIOT
map: Mur'gulOasis
- players: 8
- length: 27:05
- speed: Fast
- version: 1.27 W3XP
- replay type: Public
» download(155 KB)
Players
team 1 (winner)

»
KingWilson (
orange | 48 APM | 1305 actions | 27:04)
6 Death Knight
2 Death Coil
3 Unholy Aura
1 Animate Dead
4 Lich
2 Frost Nova
2 Frost Armor
» actions
| Basic commands | 339 | |
| Build / train | 63 | |
| Enter build submenu | 18 | |
| Enter hero's abilities submenu | 11 | |
| Remove unit from queue | 1 | |
| Right click | 397 | |
| Select / deselect | 397 | |
| Use ability | 79 | |
1305 total
» units
| Acolyte | 7 | |
| Ghoul | 2 | |
| Crypt Fiend | 13 | |
| Obsidian Statue | 6 | |
| Frost Wyrm | 6 | |
| Meatwagon | 2 | |
36 total
» upgrades
| Creature Attack | 2 | |
| Creature Carapace | 1 | |
| Web | 1 | |
| Destroyer Form | 1 | |
| Freezing Breath | 1 | |
| Unholy Strength | 1 | |
7 total
» buildings
| Altar of Darkness | 1 | |
| Graveyard | 1 | |
| Crypt | 1 | |
| Ziggurat | 8 | |
| Tomb of Relics | 1 | |
| Nerubian Tower | 1 | |
| Halls of the Dead | 1 | |
| Slaughterhouse | 1 | |
| Black Citadel | 1 | |
| Sacrificial Pit | 1 | |
| Boneyard | 1 | |
18 total
» build order
00:18 Altar of Darkness
00:22 Graveyard
00:45 Crypt
01:11 Ziggurat
01:16 Tomb of Relics
01:32 Ziggurat
02:33 Ziggurat
02:42 Nerubian Tower
04:11 Halls of the Dead
05:57 Ziggurat
07:02 Slaughterhouse
07:33 Black Citadel
09:07 Sacrificial Pit
09:34 Ziggurat
10:09 Boneyard
13:02 Ziggurat
19:15 Ziggurat
23:41 Ziggurat
» items
| Dust of Appearance | 2 | |
| Rod of Necromancy | 1 | |
| Potion of Mana | 1 | |
4 total
squea (
green | 27 APM | 719 actions | 27:04)
7 Dark Ranger
3 Black Arrow
1 Life Drain
2 Silence
1 Charm
» actions
| Assign group hotkey | 14 | |
| Basic commands | 18 | |
| Build / train | 73 | |
| Enter build submenu | 21 | |
| Enter hero's abilities submenu | 7 | |
| Remove unit from queue | 1 | |
| Right click | 235 | |
| Select / deselect | 218 | |
| Select group hotkey | 78 | |
| Use ability | 54 | |
719 total
» units
| Peon | 15 | |
| Grunt | 7 | |
| Wind Rider | 20 | |
| Troll Batrider | 16 | |
58 total
» upgrades
| Envenomed Spears | 1 | |
| Spiked Barricades | 1 | |
| Reinforced Defenses | 1 | |
| Liquid Fire | 1 | |
4 total
» buildings
| Barracks | 1 | |
| Orc Burrow | 9 | |
| Altar of Storms | 1 | |
| Stronghold | 1 | |
| Voodoo Lounge | 1 | |
| Fortress | 1 | |
| Beastiary | 2 | |
| War Mill | 1 | |
| Watch Tower | 2 | |
| Great Hall | 1 | |
20 total
» build order
00:09 Barracks
00:24 Orc Burrow
00:45 Altar of Storms
01:50 Orc Burrow
02:32 Orc Burrow
03:46 Stronghold
05:14 Voodoo Lounge
06:44 Fortress
06:51 Beastiary
06:56 War Mill
08:03 Beastiary
08:54 Orc Burrow
09:02 Watch Tower
10:03 Orc Burrow
13:57 Watch Tower
19:20 Great Hall
19:56 Orc Burrow
20:17 Orc Burrow
20:53 Orc Burrow
21:18 Orc Burrow
TrumpJesusObama (
pink | 57 APM | 1542 actions | 27:04)
5 Mountain King
3 Storm Bolt
2 Thunder Clap
» actions
| Basic commands | 113 | |
| Build / train | 87 | |
| ESC pressed | 2 | |
| Enter build submenu | 40 | |
| Enter hero's abilities submenu | 5 | |
| Remove unit from queue | 4 | |
| Right click | 602 | |
| Select / deselect | 624 | |
| Use ability | 65 | |
1542 total
» units
| Peasant | 22 | |
| Footman | 20 | |
| Knight | 9 | |
51 total
» upgrades
| Defend | 1 | |
| Swords | 2 | |
| Plating | 2 | |
| Animal War Training | 1 | |
6 total
» buildings
| Altar of Kings | 3 | |
| Barracks | 7 | |
| Farm | 9 | |
| Lumber Mill | 2 | |
| Scout Tower | 5 | |
| Guard Tower | 8 | |
| Arcane Tower | 2 | |
| Keep | 5 | |
| Blacksmith | 1 | |
| Arcane Vault | 3 | |
| Castle | 1 | |
| Arcane Sanctum | 2 | |
| Town Hall | 1 | |
49 total
» build order
00:09 Altar of Kings
00:11 Barracks
00:22 Farm
01:01 Farm
01:40 Farm
02:37 Lumber Mill
02:57 Scout Tower
03:15 Scout Tower
03:24 Guard Tower
03:28 Scout Tower
03:44 Guard Tower
03:47 Scout Tower
03:56 Guard Tower
03:56 Guard Tower
03:56 Guard Tower
03:57 Guard Tower
05:05 Arcane Tower
05:06 Arcane Tower
05:55 Keep
05:55 Keep
05:55 Keep
06:03 Barracks
06:42 Blacksmith
07:15 Arcane Vault
07:38 Farm
07:39 Farm
09:45 Castle
10:27 Scout Tower
11:46 Barracks
12:04 Barracks
12:09 Guard Tower
12:45 Arcane Sanctum
16:25 Altar of Kings
19:13 Barracks
20:16 Farm
21:26 Farm
22:29 Barracks
23:28 Arcane Sanctum
24:14 Farm
24:18 Barracks
24:26 Arcane Vault
24:59 Lumber Mill
26:16 Altar of Kings
26:49 Town Hall
26:52 Arcane Vault
27:03 Farm
» items
| Scroll of Regeneration | 2 | |
| Potion of Mana | 1 | |
3 total
STUPIDIDIOT (
yellow | 53 APM | 1434 actions | 27:05)
9 Blood Mage
3 Flame Strike
3 Siphon Mana
1 Summon Phoenix
2 Banish
» actions
| Assign group hotkey | 30 | |
| Basic commands | 41 | |
| Build / train | 71 | |
| Enter build submenu | 27 | |
| Enter hero's abilities submenu | 9 | |
| Give item / drop item | 2 | |
| Remove unit from queue | 1 | |
| Right click | 690 | |
| Select / deselect | 304 | |
| Select group hotkey | 127 | |
| Use ability | 132 | |
1434 total
» units
| Peasant | 13 | |
| Footman | 4 | |
| Sorceress | 2 | |
| Dragonhawk Rider | 7 | |
26 total
» upgrades
| Lumber Harvesting | 2 | |
| Sorceress Training | 1 | |
| Masonry | 3 | |
| Magic Sentry | 1 | |
| Cloud | 1 | |
| Storm Hammers | 1 | |
9 total
» buildings
| Altar of Kings | 1 | |
| Barracks | 2 | |
| Farm | 8 | |
| Scout Tower | 8 | |
| Arcane Tower | 1 | |
| Arcane Vault | 1 | |
| Keep | 1 | |
| Lumber Mill | 1 | |
| Arcane Sanctum | 1 | |
| Guard Tower | 3 | |
| Castle | 1 | |
| Gryphon Aviary | 3 | |
| Blacksmith | 2 | |
33 total
» build order
00:38 Altar of Kings
00:41 Barracks
00:52 Barracks
00:54 Farm
00:55 Farm
01:07 Farm
01:42 Farm
02:19 Scout Tower
03:08 Arcane Tower
03:10 Arcane Vault
03:44 Keep
05:27 Lumber Mill
06:12 Arcane Sanctum
06:41 Scout Tower
06:42 Scout Tower
06:45 Scout Tower
06:45 Scout Tower
06:49 Scout Tower
06:49 Scout Tower
06:50 Scout Tower
07:18 Guard Tower
07:18 Guard Tower
08:26 Guard Tower
12:12 Castle
12:15 Gryphon Aviary
12:16 Gryphon Aviary
12:17 Gryphon Aviary
13:23 Farm
13:24 Farm
13:25 Farm
13:27 Farm
21:55 Blacksmith
21:56 Blacksmith
» items
| Scroll of Regeneration | 1 | |
| Mechanical Critter | 2 | |
| Periapt of Vitality | 1 | |
| Staff of Teleportation | 1 | |
| Potion of Invisibility | 3 | |
| Potion of Healing | 2 | |
| Potion of Mana | 3 | |
| Scroll of Town Portal | 2 | |
| Potion of Lesser Invulnerability | 1 | |
| Healing Salve | 1 | |
| Lesser Clarity Potion | 1 | |
| Orb of Corruption | 1 | |
19 total
team 2 (loser)
bearfuker (
blue | 31 APM | 791 actions | 25:23)
4 Blademaster
2 Wind Walk
2 Critical Strike
3 Shadow Hunter
2 Healing Wave
1 Serpent Ward
» actions
| Build / train | 90 | |
| Enter build submenu | 18 | |
| Enter hero's abilities submenu | 7 | |
| Give item / drop item | 1 | |
| Remove unit from queue | 2 | |
| Right click | 311 | |
| Select / deselect | 307 | |
| Use ability | 55 | |
791 total
» units
| Peon | 18 | |
| Grunt | 2 | |
| Troll Headhunter/Berserker | 1 | |
| Raider | 7 | |
| Shaman | 9 | |
| Demolisher | 1 | |
| Tauren | 3 | |
| Peasant | 5 | |
| Gryphon Rider | 2 | |
| Wind Rider | 2 | |
50 total
» upgrades
| Melee Weapons | 2 | |
| Armor | 3 | |
| Berserker Strength | 1 | |
| Shaman Training | 2 | |
| Troll Regeneration | 1 | |
| Ranged Weapons | 3 | |
| Ensnare | 1 | |
| Pillage | 1 | |
| Reinforced Defenses | 1 | |
| Spiked Barricades | 1 | |
| Pulverize | 1 | |
17 total
» buildings
| Altar of Storms | 1 | |
| Orc Burrow | 7 | |
| Voodoo Lounge | 1 | |
| Barracks | 1 | |
| War Mill | 1 | |
| Stronghold | 1 | |
| Watch Tower | 3 | |
| Fortress | 1 | |
| Spirit Lodge | 1 | |
| Beastiary | 1 | |
| Tauren Totem | 1 | |
19 total
» build order
00:11 Altar of Storms
00:16 Orc Burrow
00:55 Voodoo Lounge
01:23 Orc Burrow
01:50 Barracks
02:39 Orc Burrow
03:08 War Mill
03:37 Stronghold
04:08 Orc Burrow
05:12 Watch Tower
05:18 Watch Tower
05:25 Watch Tower
06:06 Fortress
06:21 Spirit Lodge
06:58 Beastiary
10:07 Orc Burrow
10:14 Tauren Totem
12:43 Orc Burrow
16:21 Orc Burrow
» items
| Healing Salve | 1 | |
| Lesser Clarity Potion | 1 | |
| Orb of Lightning | 1 | |
| Potion of Healing | 3 | |
| Scroll of Town Portal | 1 | |
| Orb of Fire | 1 | |
| Potion of Lesser Invulnerability | 1 | |
9 total

»
Eeooi (
purple | 41 APM | 579 actions | 14:14)
5 Blademaster
1 Mirror Image
3 Critical Strike
1 Wind Walk
» actions
| Build / train | 39 | |
| Enter build submenu | 10 | |
| Enter hero's abilities submenu | 5 | |
| Remove unit from queue | 2 | |
| Right click | 337 | |
| Select / deselect | 164 | |
| Use ability | 21 | |
579 total
» units
| Peon | 7 | |
| Grunt | 7 | |
| Troll Headhunter/Berserker | 7 | |
| Makrura Snapper | 1 | |
| Wind Rider | 2 | |
24 total
» upgrades
| Melee Weapons | 2 | |
| Armor | 1 | |
| Ranged Weapons | 1 | |
| Berserker Strength | 1 | |
5 total
» buildings
| Barracks | 1 | |
| Orc Burrow | 4 | |
| Altar of Storms | 1 | |
| War Mill | 1 | |
| Watch Tower | 1 | |
| Stronghold | 1 | |
| Beastiary | 1 | |
10 total
» build order
00:08 Barracks
00:33 Orc Burrow
01:23 Orc Burrow
01:51 Altar of Storms
02:36 War Mill
03:25 Orc Burrow
05:44 Watch Tower
05:46 Stronghold
08:19 Orc Burrow
10:09 Beastiary
gkjdfgh59867478 (
teal | 30 APM | 524 actions | 17:33)
3 Archmage
1 Summon Water Elemental
1 Brilliance Aura
1 Blizzard
3 Mountain King
2 Storm Bolt
1 Bash
2 Paladin
1 Divine Shield
1 Holy Light
» actions
| Build / train | 57 | |
| Enter build submenu | 13 | |
| Enter hero's abilities submenu | 8 | |
| Give item / drop item | 2 | |
| Remove unit from queue | 1 | |
| Right click | 256 | |
| Select / deselect | 143 | |
| Use ability | 44 | |
524 total
» units
» upgrades
| Swords | 1 | |
| Plating | 1 | |
| Lumber Harvesting | 1 | |
| Storm Hammers | 1 | |
4 total
» buildings
| Farm | 6 | |
| Altar of Kings | 1 | |
| Keep | 1 | |
| Lumber Mill | 1 | |
| Blacksmith | 1 | |
| Arcane Vault | 1 | |
| Castle | 1 | |
| Gryphon Aviary | 2 | |
14 total
» build order
00:02 Farm
00:04 Altar of Kings
00:43 Farm
02:27 Keep
02:43 Lumber Mill
03:42 Blacksmith
03:45 Arcane Vault
04:50 Castle
05:02 Farm
05:39 Farm
05:41 Gryphon Aviary
05:42 Gryphon Aviary
06:23 Farm
07:17 Farm
» items
tiverly94 (
red | 32 APM | 858 actions | 27:04)
1 Archmage
1 Summon Water Elemental
» actions
| Assign group hotkey | 7 | |
| Basic commands | 6 | |
| Build / train | 63 | |
| Enter build submenu | 43 | |
| Enter hero's abilities submenu | 1 | |
| Remove unit from queue | 3 | |
| Right click | 351 | |
| Select / deselect | 286 | |
| Select group hotkey | 47 | |
| Use ability | 51 | |
858 total
» units
| Peasant | 15 | |
| Footman | 9 | |
| Rifleman | 5 | |
| Gryphon Rider | 5 | |
34 total
» upgrades
| Lumber Harvesting | 2 | |
| Storm Hammers | 1 | |
3 total
» buildings
| Altar of Kings | 1 | |
| Farm | 12 | |
| Barracks | 1 | |
| Blacksmith | 1 | |
| Keep | 1 | |
| Lumber Mill | 2 | |
| Castle | 1 | |
| Gryphon Aviary | 2 | |
| Workshop | 1 | |
| Scout Tower | 21 | |
| Cannon Tower | 12 | |
| Guard Tower | 8 | |
63 total
» build order
00:10 Altar of Kings
00:14 Farm
00:26 Barracks
01:36 Farm
01:44 Blacksmith
02:22 Farm
03:11 Farm
03:47 Keep
03:54 Farm
06:07 Lumber Mill
07:36 Castle
07:51 Gryphon Aviary
07:55 Gryphon Aviary
09:25 Workshop
09:28 Farm
10:40 Farm
10:45 Scout Tower
11:41 Scout Tower
11:44 Cannon Tower
12:02 Farm
12:09 Cannon Tower
12:12 Scout Tower
12:38 Farm
12:45 Cannon Tower
12:55 Scout Tower
13:31 Farm
13:33 Cannon Tower
13:35 Scout Tower
14:06 Scout Tower
14:07 Cannon Tower
14:37 Cannon Tower
14:40 Scout Tower
14:49 Farm
15:13 Cannon Tower
15:26 Scout Tower
15:36 Farm
16:08 Guard Tower
16:13 Scout Tower
16:27 Scout Tower
16:40 Guard Tower
16:43 Scout Tower
17:07 Guard Tower
17:14 Guard Tower
17:17 Scout Tower
17:25 Scout Tower
17:50 Scout Tower
17:55 Guard Tower
17:57 Guard Tower
18:01 Scout Tower
18:21 Scout Tower
18:26 Cannon Tower
18:34 Cannon Tower
18:37 Scout Tower
19:08 Lumber Mill
19:19 Cannon Tower
20:35 Guard Tower
21:31 Scout Tower
21:38 Scout Tower
22:09 Cannon Tower
22:26 Cannon Tower
22:39 Scout Tower
23:41 Scout Tower
23:45 Guard Tower
Chat log
(05:37 / Allies) KingWilson: ...
(05:40 / Allies) KingWilson: ty
(10:03 / Allies) TrumpJesusObama: forces may advance on that position
(11:51 / Allies) TrumpJesusObama: items left behind
(13:23 / Allies) TrumpJesusObama: tp
(13:28 / Allies) TrumpJesusObama: im making knights
(13:49 / Allies) TrumpJesusObama: and i have towtrs
(15:51 / Allies) TrumpJesusObama: gold
(15:55 / Allies) TrumpJesusObama: for kniughts
(20:03 / Allies) TrumpJesusObama: there is a bird in my base use it
(22:40 / All) TrumpJesusObama: Oh how do these games happen
(22:53 / All) TrumpJesusObama: Red had concentrated on units rather than towers
(25:41 / All) TrumpJesusObama: Do you fuck bears?
(26:37 / Allies) TrumpJesusObama: lumbur